 Dungeon Crawl Stone Soup version 0.20.0-3-g22ec75f (webtiles) character file.

604 Kosschaser the Shield-Bearer (level 7, -1/43 HPs)
             Began as a Gargoyle Fighter on May 27, 2017.
             Slain by Sigmund
             ... wielding a +0 scythe
              (5 damage)
             ... on level 4 of the Dungeon.
             The game lasted 00:08:29 (3395 turns).

Kosschaser the Shield-Bearer (Gargoyle Fighter)     Turns: 3395, Time: 00:08:30

Health: -1/43      AC: 12    Str: 22    XL:     7   Next: 42%
Magic:  0/7        EV:  8    Int:  8    God:
Gold:   275        SH: 10    Dex:  9    Spells: 6/6 levels left

rFire    . . .     SeeInvis .   r - +1 mace (holy)
rCold    . . .     Gourm    .   c - +0 shield
rNeg     + . .     Faith    .   b - +0 scale mail
rPois    ∞         Spirit   +   (no helmet)
rElec    +         Reflect  .   (no cloak)
rCorr    .         Harm     .   (no gloves)
MR       .....                  (no boots)
Stlth    ..........             h - amulet of guardian spirit (curse)
Regen    0.2/turn               (no ring)
MPRegen  0.1/turn               (no ring)

@: no status effects
A: negative energy resistance 1, electricity resistance, unbreathing,
petrification resistance, rot immunity, AC +4
a: no special abilities


You were on level 4 of the Dungeon.
You were hungry.

You visited 1 branch of the dungeon, and saw 5 of its levels.

You collected 275 gold pieces.

Inventory:

Hand Weapons
 a - a +0 flail
 r - a +1 mace of holy wrath (weapon)
Armour
 b - a +0 scale mail (worn)
 c - a +0 shield (worn)
Jewellery
 h - a cursed amulet of guardian spirit (around neck)
 w - an uncursed ring of wizardry {unknown}
Scrolls
 e - 3 scrolls of amnesia {unknown}
 j - 7 scrolls of identify {unknown}
 l - 4 scrolls of remove curse {unknown}
 o - a scroll of teleportation {unknown}
 p - a scroll of fear {unknown}
 q - a scroll of enchant weapon {unknown}
 t - a scroll of random uselessness {unknown}
Potions
 d - a potion of might
 i - a potion of lignification {unknown}
 k - 2 potions of flight {unknown}
 n - 2 potions of heal wounds {unknown}
 s - a potion of magic {unknown}
 u - 2 potions of curing {unknown}
 v - a potion of mutation {unknown}
Comestibles
 f - 3 bread rations
 g - a meat ration
 m - 2 royal jellies


   Skills:
 + Level 4.2 Fighting
 + Level 4.7 Maces & Flails
 + Level 4.5 Armour
 + Level 1.4 Dodging
 - Level 0.2 Stealth
 + Level 6.0 Shields


You had 6 spell levels left.
You didn't know any spells.

Dungeon Overview and Level Annotations

Branches:
Dungeon (5/15)
 Temple: D:4-7

Altars:
Qazlal
Ru

Annotations:
D:4 Eustachio, Sigmund


Innate Abilities, Weirdness & Mutations

You are resistant to torment.
Your stone body is resilient. (AC +4)
You are immune to poison.
You resist negative energy. (rN+)
You are resistant to electric shocks. (rElec)
You can survive without breathing.
You are immune to petrification.
You are immune to rotting.


Message History

* * * LOW HITPOINT WARNING * * *
You bump into the rock wall.
You hear some strange, mumbled words.
Something tries to affect you, but you resist.
You barely miss something. Something hits you but does no damage.
You closely miss something.
You bump into the rock wall.
Something hits you.
* * * LOW HITPOINT WARNING * * *
You're too confused!
You barely miss something.
You feel less confused.
Sigmund appears from thin air!
Reactivating autopickup.
Sigmund closely misses you.
Okay, then.
Okay, then.
You barely miss Sigmund.
Sigmund is heavily wounded.
Sigmund hits you with a scythe.
You die...

##........#.#.......#.#
#......###.........#.###
#.#.........)......#....
#<#######.#.#.....##..##
#.#######.)###..........
#........)## ##...##..##
#.#####.#..###.#..##..##
#.# #.#...#..#..#...##
#.# #@#.........#...##
#.# #@#...............
#.# #S####............
#o# #............ ...
....#........ #.# ##
####..... #.. ....###
### ###### # .


You could see Sigmund, an adder and an orc.

Vanquished Creatures
  Menkaure (D:5)
  A centaur (D:5)
  Blork the orc (D:4)
  A scorpion (D:5)
  A crimson imp (D:5)
  An iguana (D:5)
  A worker ant (D:4)
  7 gnolls
  7 adders
  2 oozes
  A worm (D:2)
  A leopard gecko (D:3)
  3 orcs
  4 bats
  4 giant cockroaches
  5 hobgoblins
  9 jackals
  8 kobolds
  A quokka (D:3)
  3 ball pythons
  3 frilled lizards
  4 goblins
  A leopard gecko skeleton (D:4)
  7 rats
77 creatures vanquished.

Notes
Turn   | Place    | Note
-------+----------+-------------------------------------------
     0 | D:1      | Kosschaser the Gargoyle Fighter began the quest for the Orb.
     0 | D:1      | Reached XP level 1. HP: 14/14 MP: 1/1
   196 | D:1      | Reached XP level 2. HP: 13/19 MP: 2/2
  1184 | D:2      | Reached XP level 3. HP: 17/23 MP: 3/3
  1292 | D:2      | Reached skill level 4 in Shields
  1475 | D:2      | Reached XP level 4. HP: 22/29 MP: 2/4
  1810 | D:2      | Found a sacrificial altar of Ru.
  1858 | D:3      | Found a stormy altar of Qazlal.
  1897 | D:3      | Reached XP level 5. HP: 27/33 MP: 5/5
  2259 | D:4      | Noticed Blork the orc
  2272 | D:4      | Killed Blork the orc
  2272 | D:4      | Reached skill level 1 in Dodging
  2272 | D:4      | Reached skill level 5 in Shields
  2307 | D:4      | Reached XP level 6. HP: 27/38 MP: 6/6
  2355 | D:4      | Noticed an orc warrior
  2356 | D:4      | Noticed Eustachio
  2374 | D:5      | Entered Level 5 of the Dungeon
  3034 | D:5      | Noticed Menkaure
  3040 | D:5      | Killed Menkaure
  3040 | D:5      | Reached XP level 7. HP: 35/43 MP: 5/7
  3351 | D:4      | Reached skill level 6 in Shields
  3364 | D:4      | Noticed Sigmund
  3395 | D:4      | Slain by Sigmund

Skill      XL: |  1  2  3  4  5  6  7 |
---------------+----------------------+-----
Shields        | 4 5 6 |  6.0
Maces & Flails | 3 4 |  4.7
Fighting       | 4 |  4.2
Dodging        | 1 |  1.4
Armour         | 4 |  4.5
Stealth        | |  0.2

Action                   |  1- 3 |  4- 6 |  7- 9 || total
-------------------------+-------+-------+-------++-------
Melee: Flail             |   147 |    23 |       ||   170
       Mace              |       |   163 |    72 ||   235
  Eat: Chunk             |     1 |     7 |       ||     8
Armor: Scale mail        |   127 |    88 |    23 ||   238
Dodge: Dodged            |    73 |    65 |    18 ||   156
Block: Shield            |   108 |   123 |    26 ||   257
